 Dungeon Crawl Stone Soup version 0.19.5 (webtiles) character file.

47 tidbits the Grave Robber (level 3, -1/21 HPs)
             Began as a High Elf Necromancer on Dec 12, 2017.
             Slain by a giant cockroach (2 damage)
             ... on level 2 of the Dungeon.
             The game lasted 00:03:33 (650 turns).

tidbits the Grave Robber (High Elf Necromancer)      Turns: 650, Time: 00:03:33

Health: -1/21      AC:  2    Str:  8    XL:     3   Next: 48%
Magic:  3/8        EV: 13    Int: 24    God:
Gold:   17         SH:  0    Dex: 15    Spells: 2 memorised, 6 levels left

rFire  . . .     SeeInvis .     a - +3 spear
rCold  . . .     Gourm    .     f - +0 robe
rNeg   . . .     Faith    .     (no shield)
rPois  .         Spirit   .     (no helmet)
rElec  .         Reflect  .     (no cloak)
rCorr  .         Harm     .     (no gloves)
MR     .....                    (no boots)
Stlth  ++........               k - amulet of rage
                                (no ring)
                                (no ring)

@: brilliant
A: no striking features
a: Evoke Berserk Rage


You were on level 2 of the Dungeon.
You were not hungry.

You visited 1 branch of the dungeon, and saw 3 of its levels.

You collected 17 gold pieces.

Inventory:

Hand Weapons
 a - a +3 spear (weapon)
   (You found it on level 1 of the Dungeon)
 h - a +0 dagger
   (You took it off a goblin on level 1 of the Dungeon)
Missiles
 l - 7 silver tomahawks (quivered)
 r - 12 sling bullets
Armour
 f - a +0 robe (worn)
Jewellery
 k - an amulet of rage (around neck)
   (You found it on level 1 of the Dungeon)
Scrolls
 d - a scroll of remove curse {unknown}
 j - a scroll of noise {unknown}
 o - a scroll of identify {unknown}
Potions
 e - a potion of magic {unknown}
 i - a potion of curing {unknown}
 m - 2 potions of brilliance
 n - a potion of degeneration {unknown}
 p - a potion of resistance {unknown}
Books
 b - a book of Necromancy

   Spells                             Type                      Level
   a - Pain                           Necromancy                   1
   b - Animate Skeleton               Necromancy                   1
   c - Vampiric Draining              Necromancy                   3
   d - Regeneration                   Charms/Necromancy            3
   e - Animate Dead                   Necromancy                   4
   f - Control Undead                 Necromancy                   4
Comestibles
 c - a bread ration
 g - a meat ration
 q - 4 fruits
 s - a beef jerky


   Skills:
 - Level 2.1 Dodging
 - Level 2.1 Stealth
 + Level 3.4 Spellcasting
 + Level 3.9 Necromancy


You had 6 spell levels left.
You knew the following spells:

 Your Spells              Type           Power        Failure   Level  Hunger
a - Pain                  Necr           ####         1%          1    None
n - Animate Skeleton      Necr           N/A          1%          1    None


Dungeon Overview and Level Annotations

Branches:
Dungeon (3/15)

Altars:


Message History

Press: ? - help, Dir - move target cursor, f - giant cockroach
Aim: a giant cockroach (clinging)
You reach to attack!
You hit the giant cockroach.
The giant cockroach is severely wounded.
Casting: Pain
Confirm with . or Enter, or press ? or * to list all spells.
Aiming: Pain
Press: ? - help, Shift-Dir - straight line, f/p - giant cockroach
Aim: a giant cockroach (severely wounded, chance to defeat MR: 85%)
The giant cockroach writhes in agony!
You kill the giant cockroach!
You see here 12 sling bullets.
r - 12 sling bullets
Found a stone staircase leading down.
There is a stone staircase leading up here.
You climb upwards.
There is a stone staircase leading down here.
You open the door.
A frilled lizard comes into view.
Found a beef jerky.
There is an open door here.
Attack whom?
Press: ? - help, Dir - move target cursor, f - frilled lizard
Aim: a frilled lizard (resting)
You reach to attack!
The helpless frilled lizard fails to defend itself.
You hit the frilled lizard.
You kill the frilled lizard!
s - a beef jerky You open the door.
Terence the Incautious comes into view.
He is wielding a short sword.
Terence shouts!
Terence says, "Time to say good-bye..."
Found a scroll labeled LIDDAF XEEDWUA and a scroll labeled ROFEFU JAZULUNT.
A goblin comes into view.
It was a potion of brilliance.
You feel clever all of a sudden.
The goblin shouts!
Casting: Pain
Confirm with . or Enter, or press ? or * to list all spells.
Aiming: Pain
Press: ? - help, Shift-Dir - straight line, f - Terence
Aim: Terence, wielding a short sword and wearing a chain mail (chance to defeat MR: 89%) Terence writhes in agony!
A giant cockroach comes into view.
Casting: Pain
Confirm with . or Enter, or press ? or * to list all spells.
Aiming: Pain
Press: ? - help, Shift-Dir - straight line, f/p - Terence
Aim: Terence, wielding a short sword and wearing a chain mail (lightly wounded, chance to defeat MR: 89%) Terence writhes in agony!
Casting: Pain
Confirm with . or Enter, or press ? or * to list all spells.
Aiming: Pain
Press: ? - help, Shift-Dir - straight line, f/p - Terence
Aim: Terence, wielding a short sword and wearing a chain mail (moderately wounded, chance to defeat MR: 89%) Terence writhes in agony!
A hobgoblin comes into view. It is wielding a club.
Casting: Pain
Confirm with . or Enter, or press ? or * to list all spells.
Aiming: Pain
Press: ? - help, Shift-Dir - straight line, f/p - Terence
Aim: Terence, wielding a short sword and wearing a chain mail (heavily wounded, chance to defeat MR: 89%) Terence writhes in agony!
The hobgoblin shouts!
Casting: Pain
Confirm with . or Enter, or press ? or * to list all spells.
Aiming: Pain
Press: ? - help, Shift-Dir - straight line, f/p - Terence
Aim: Terence, wielding a short sword and wearing a chain mail (heavily wounded, chance to defeat MR: 89%) Terence writhes in agony!
Terence barely misses you.
Casting: Pain
Confirm with . or Enter, or press ? or * to list all spells.
Aiming: Pain
Press: ? - help, Shift-Dir - straight line, f/p - Terence
Aim: Terence, wielding a short sword and wearing a chain mail (almost dead, chance to defeat MR: 89%) Terence writhes in agony!
You kill Terence!
You have reached level 3!
Your experience leads to an increase in your attributes!
Your base attributes are Str 7, Int 18, Dex 15.
Increase (S)trength, (I)ntelligence, or (D)exterity?
You feel stronger.
You feel clever.
A hobgoblin comes into view. It is wielding a club.
Unknown command.
Okay, then.
Okay, then.
You completely miss the goblin. The goblin hits you.
* * * LOW HITPOINT WARNING * * *
There is an open door here.
An adder comes into view.
The adder hisses angrily.
There is a stone staircase leading down here.
The giant cockroach closely misses you. The adder bites you.
* * * LOW HITPOINT WARNING * * *
You closely miss the adder. The adder bites you.
* * * LOW HITPOINT WARNING * * *
The goblin closely misses you. The giant cockroach bites you.
You die...

#.... #.... #... ########.#
#........###########
#..................#
#..................#
#......s...........####
######....S@g>g.........'...
#......######...........####
#.####.# #...........#
#..#.# #.########### #.<..#
#.# ###### #.# ..# ###


You could see an adder, a giant cockroach, a hobgoblin and a goblin.

Vanquished Creatures
  Terence (D:2)
  A ball python (D:1)
  2 bats (D:1)
  A giant cockroach (D:3)
  3 hobgoblins (D:1)
  4 kobolds (D:1)
  3 frilled lizards
  3 goblins (D:1)
  3 rats (D:1)
21 creatures vanquished.

Notes
Turn   | Place    | Note
-------+----------+-------------------------------------------
     0 | D:1      | tidbits the High Elf Necromancer began the quest for the Orb.
     0 | D:1      | Reached XP level 1. HP: 11/11 MP: 4/4
   302 | D:1      | Reached XP level 2. HP: 9/17 MP: 3/6
   305 | D:1      | Learned a level 1 spell: Animate Skeleton
   409 | D:1      | Reached skill level 3 in Spellcasting
   625 | D:2      | Noticed Terence
   632 | D:2      | Killed Terence
   632 | D:2      | Reached XP level 3. HP: 8/21 MP: 1/8
   650 | D:2      | HP: 1/21 [adder (3)]
   650 | D:2      | Slain by a giant cockroach

Skill      XL: |  1  2 |
---------------+-------+-----
Spellcasting   | 3 |  3.4
Dodging        | |  2.1
Stealth        | |  2.1
Necromancy     | |  3.9

Action                   || total
-------------------------++-------
Melee: Spear             ||    24
Throw: Tomahawk          ||     1
 Cast: Pain              ||    27
  Use: Potion            ||     1
 Stab: Sleeping          ||     4
Armor: Robe              ||     3
Dodge: Dodged            ||    13

Table legend:
 A = Turns spent in this place as a percentage of turns spent in the entire game.
 B = Non-inter-level travel turns spent in this place as a percentage of non-inter-level travel turns spent in the entire game.
 C = Inter-level travel turns spent in this place as a percentage of turns spent in this place.
 D = Turns resting spent in this place as a percentage of non-inter-level travel turns spent in this place.
 E = Turns spent auto-exploring this place as a percentage of non-inter-level travel turns spent in this place.
 F = Non-inter-level travel turns spent in this place divided by the number of levels of this place that you've seen.
                   A       B       C       D       E      F
               +-------+-------+-------+-------+-------+----------------------
         Total | 100.0 | 100.0 |   0.0 |   0.0 |   0.0 | 198.0
       Dungeon | 100.0 | 100.0 |   0.0 |   0.0 |   0.0 | 198.0
               +-------+-------+-------+-------+-------+----------------------

Table legend:
 A = Kills in this place as a percentage of kills in entire the game.
 B = Kills by you in this place as a percentage of kills by you in the entire game.
 C = Kills by friends in this place as a percentage of kills by friends in the entire game.
 D = Other kills in this place as a percentage of other kills in the entire game.
 E = Experience gained in this place as a percentage of experience gained in the entire game.
 F = Experience gained in this place divided by the number of levels of this place that you have seen.
                   A       B       C       D       E      F
               +-------+-------+-------+-------+-------+----------------------
         Total | 100.0 | 100.0 |  -nan |  -nan | 100.0 |  22.7
       Dungeon | 100.0 | 100.0 |  -nan |  -nan | 100.0 |  22.7
               +-------+-------+-------+-------+-------+----------------------

Vault maps used:
D:1:      sevenhm_arrival_forest_fort_small_3
D:2:      grunt_decor_arrowhead, uniq_terence
D:3:      uniq_grinder
